AoeStats
← Evinrude

Four Lakes

509455930Analyzed
1v1 RM · 6d ago on Sep 26, 2026· 21m 52s· 2 players
Game mode
Random Map
Map size
Tiny (2 player)
Population
200
Speed
Normal
Resources
Standard
Victory
Conquest
Starting age
Dark Age
Ending age
Imperial Age
RankedLock teamsTeams togetherTeam positionsShared explorationLock speedFull tech treeHidden civsTurbo modeCheats
Victory
Defeat
🇫🇷 Mongols · France
569
+14
🇳🇱 Japanese · Netherlands
535
-14
I don't care anymore
6:21 Loom
11:28 Feudal Age
12:56 Wheelbarrow
12:07 Town Watch
12:09 Double-Bit Axe
16:01 Gold Mining
20:03 Stone Mining
Evinrude
10:45 Feudal Age
11:09 Loom
11:44 Double-Bit Axe
21:29 Castle Age
19:50 Horse Collar
20:37 Gold Mining
Connection lost

Rejoining the realm…

Still unreachable

The connection could not be restored.

Session expired

The server has moved on; the page needs a fresh start.